 Dungeon Sprint DCSS version 0.31-a0-920-g28cbb04a8c (webtiles) character file.

Game seed: 4519507004612883301

2324 sircluck the Grappler (level 9, -1/153 HPs)
             Began as a Troll Berserker on Oct 17, 2023.
             Was the Champion of Trog.
             Succumbed to a killer bee's poison
             ... in the Dungeon (Sprint VII: "The Pits").
             The game lasted 00:01:52 (490 turns).

sircluck the Grappler (Troll Berserker)              Turns: 490, Time: 00:01:53

Health: -1/153     AC:  4    Str: 34    XL:     9   Next: 19%
Magic:  8/8        EV: 12    Int:  6    God:    Trog [******]
Gold:   0          SH:  0    Dex:  9    Spells: 8/8 levels left

rFire   . .          .
                       - Unarmed
rCold   . . .        (no shield)
rNeg    . . .        a - +0 animal skin
rPois   .            (helmet restricted)
rElec   .            (no cloak)
rCorr   .            (gloves unavailable)
SInv    .            (boots unavailable)
Will    .....        (no amulet) Stlth
                     l - +3 ring of strength
HPRegen 1.25/turn    k - +3 ring of intelligence
MPRegen 0.11/turn

%: no teleportation
@: berserking, lethally poisoned (-1 -> -5), very quick
A: large, unfitting armour, claws 3, regeneration 1, shaggy fur 1, tough skin 1
a: Renounce Religion, Berserk, Trog's Hand, Brothers in Arms


You were in the Dungeon.
You worshipped Trog.
Trog was exalted by your worship.
You visited 1 branch

Inventory:

Armour
 a - a +0 animal skin (worn)
Jewellery
 k - a +3 ring of intelligence (right claw)
 l - a +3 ring of strength (left claw)
Scrolls
 g - a scroll of blinking
 i - 2 scrolls of vulnerability
 j - a scroll of butterflies
Potions
 b - 7 potions of curing
 c - 12 potions of heal wounds
 d - 2 potions of haste
 e - 4 potions of magic
 f - 5 potions of berserk rage
 h - 2 potions of invisibility
 m - a potion of might


   Skills:
 + Level 10.7 Fighting
 + Level 10.6 Dodging
 + Level 12.5 Unarmed Combat


You had 8 spell levels left.
You didn't know any spells.
Your spell library was empty.

Dungeon Overview and Level Annotations

Branches:
Dungeon (1/1)

Altars:
Ashenzari
Cheibriados
Dithmenos
Elyvilon
Fedhas
Gozag
Hepliaklqana
Kikubaaqudgha
Makhleb
Nemelex Xobeh
Okawaru
Qazlal
Ru
Sif Muna
Trog
Uskayaw
Vehumet
Wu Jian
Xom
Yredelemnul
Zin
The Shining One
Jiyva
Lugonu


Innate Abilities, Weirdness & Mutations

You are too large for most types of armour.
You have claws for hands.
Your natural rate of healing is unusually fast.
You are covered in fur. (AC +1)
You have tough skin. (AC +1)


Message History

You feel sick. The killer bee stings you!
* * * LOW HITPOINT WARNING * * *
The killer bee stings you!
* * * LOW HITPOINT WARNING * * *
Unknown command.
Unknown command.
You barely miss the manticore.
The manticore is severely wounded.
You feel sick. The killer bee stings you.
* * * LOW HITPOINT WARNING * * *
The killer bee stings you!
* * * LOW HITPOINT WARNING * * *
You are more poisoned.
The killer bee poisons you! The manticore bites you!
* * * LOW HITPOINT WARNING * * *
The manticore closely misses you. The manticore barely misses you.
Unknown command.
You mangle the manticore!!
You kill the manticore!
Trog accepts your kill.
* * * LOW HITPOINT WARNING * * *
You feel sick.
The killer bee stings you but does no damage.
The killer bee stings you.
* * * LOW HITPOINT WARNING * * *
You have reached level 9!
Your experience leads to an increase in your attributes!
Your base attributes are Str 28, Int 3, Dex 9.
Increase (S)trength, (I)ntelligence, or (D)exterity?
You feel stronger. x3
Unknown command.
Unknown command.
Unknown command.
Unknown command.
Unknown command.
Unknown command.
Unknown command.
You barely miss the killer bee. You claw the killer bee!
The killer bee is almost dead.
You die...

÷#####......#..#......#
..'.##................#
..#.#####'#####'†######
###.##.......##''#
.†#.##.......##..#
..'.##.......##..#
######...<...##..#
))).##.......##..#
))).##.......##.@#
######.......##yy†#
.#..###########.rH.W
.#)############...##..
.#†#....#..[[##..## ...
.#)#)...#..[[##..# ..
.#))....'..))##..# .
.#'#....#..))##..#
.'.#....#..))#


You could see a manticore, a wraith, a hell rat and 2 killer bees.

Vanquished Creatures
  A manticore (D)
  An orange demon (D)
  Prince Ribbit (D)
  A flying skull (D)
  3 water moccasins (D)
  2 floating eyes (D)
  An ice beast (D)
  An iron imp (D)
  A jelly (D)
  An orc wizard (D)
  A gnoll (D)
  2 ufetubi (D)
  3 orcs (D)
  2 giant cockroaches (D)
  A hobgoblin (D)
  A bat (D)
  A kobold (D)
  A quokka skeleton (D)
  2 rats (D)
27 creatures vanquished.

Vanquished Creatures (collateral kills)
  A gargoyle (D)
  A hornet (D)
  2 orc priests (D)
  2 orcs (D)
6 creatures vanquished.

Grand Total: 33 creatures vanquished

Notes
Turn   | Place    | Note
-------+----------+-------------------------------------------
     0 | D        | sircluck the Troll Berserker began the quest for the Orb.
     0 | D        | Reached XP level 1. HP: 22/22 MP: 0/0
    34 | D        | Found a bloodstained altar of Trog.
    34 | D        | Found a shimmering blue altar of Sif Muna.
    34 | D        | Found a viscous altar of Jiyva.
    34 | D        | Found a hazy altar of Hepliaklqana.
    34 | D        | Found an opulent altar of Gozag.
    35 | D        | Found a glowing golden altar of the Shining One.
    35 | D        | Found a glowing silver altar of Zin.
    35 | D        | Found a basalt altar of Yredelemnul.
    35 | D        | Found a shimmering altar of Xom.
    35 | D        | Found an ornate altar of the Wu Jian Council.
    35 | D        | Found a sacrificial altar of Ru.
    35 | D        | Found a stormy altar of Qazlal.
    35 | D        | Found an iron altar of Okawaru.
    35 | D        | Found a sparkling altar of Nemelex Xobeh.
    35 | D        | Found a burning altar of Makhleb.
    35 | D        | Found a blossoming altar of Fedhas.
    35 | D        | Found a white marble altar of Elyvilon.
    35 | D        | Found a shadowy altar of Dithmenos.
    35 | D        | Found a snail-covered altar of Cheibriados.
    37 | D        | Found a radiant altar of Vehumet.
    37 | D        | Found a corrupted altar of Lugonu.
    38 | D        | Found a hide-covered altar of Uskayaw.
    38 | D        | Found an ancient bone altar of Kikubaaqudgha.
    38 | D        | Found a broken altar of Ashenzari.
    66 | D        | Reached ** piety under Trog
    76 | D        | Noticed a floating eye
    81 | D        | Killed a floating eye
    82 | D        | Reached skill level 5 in Unarmed Combat
    82 | D        | Reached XP level 2. HP: 33/33 MP: 1/1
    82 | D        | Reached XP level 3. HP: 41/41 MP: 2/2
    82 | D        | Reached XP level 4. HP: 49/49 MP: 3/3
    83 | D        | Reached skill level 5 in Fighting
    86 | D        | Noticed a flying skull
    94 | D        | Killed a flying skull
    94 | D        | Reached *** piety under Trog
    95 | D        | Reached skill level 7 in Unarmed Combat
    95 | D        | Reached XP level 5. HP: 22/61 MP: 4/4
    95 | D        | Reached XP level 6. HP: 24/68 MP: 5/5
   181 | D        | Reached **** piety under Trog
   182 | D        | Reached skill level 8 in Unarmed Combat
   186 | D        | Noticed a water moccasin
   186 | D        | Noticed Prince Ribbit
   199 | D        | Noticed a water moccasin
   203 | D        | Killed a water moccasin
   210 | D        | Killed a water moccasin
   211 | D        | Reached skill level 9 in Unarmed Combat
   216 | D        | Reached XP level 7. HP: 41/79 MP: 6/6
   222 | D        | Reached ***** piety under Trog
   237 | D        | Killed Prince Ribbit
   238 | D        | Reached skill level 10 in Unarmed Combat
   344 | D        | Reached ****** piety under Trog
   346 | D        | Reached XP level 8. HP: 85/92 MP: 7/7
   346 | D        | Noticed a gargoyle
   346 | D        | Noticed a hornet
   350 | D        | Paralysed by a hornet for 1 turns
   354 | D        | Killed a hornet
   354 | D        | Received a gift from Trog
   355 | D        | Reached skill level 11 in Unarmed Combat
   356 | D        | Killed a gargoyle
   363 | D        | Reached skill level 10 in Fighting
   460 | D        | Noticed an orange demon
   477 | D        | Noticed a manticore
   482 | D        | Killed an orange demon
   482 | D        | Received a gift from Trog
   482 | D        | Noticed a manticore
   483 | D        | Reached skill level 10 in Dodging
   483 | D        | Reached skill level 12 in Unarmed Combat
   488 | D        | HP: 4/141 [manticore (16)]
   489 | D        | Killed a manticore
   489 | D        | HP: 1/141 [killer bee (2)]
   490 | D        | Reached XP level 9. HP: 1/102 MP: 8/8
   490 | D        | Succumbed to a killer bee's poison

Illustrated notes

Levels and vault maps discovered:
D:        pitsprint [storerooms_1, entrance_room_1, metal_vault_3, armoury_2,
          mini_pit_1, grid_room_1, main_hall_1, silver_pit, the_coven_1,
          the_vestibule_1, steel_vault_3, golden_pit, hallway_of_sentries,
          crystal_vault_1, iron_vault_4, final_vault]

Skill      XL: |  1  2  3  4  5  6  7  8 |
---------------+-------------------------+-----
Fighting       | 4 6 7 9 10 | 10.7
Dodging        | 4 6 7 9 10 | 10.6
Unarmed Combat | 5 7 9 10 12 | 12.5

Action                     |  1- 3 |  4- 6 |  7- 9 || total
---------------------------+-------+-------+-------++-------
  Melee: Unarmed           |     7 |    27 |    49 ||    83
         Punch             |       |     2 |     2 ||     4
 Invoke: Berserk           |       |     1 |     1 ||     2
         Brothers in Arms  |       |       |     1 ||     1
 Armour: Animal skin       |     3 |    40 |    45 ||    88
  Dodge: Dodged            |     3 |    27 |    36 ||    66

Table legend: (Time is in decaauts)
 A = Elapsed time spent in this place.
 B = Non-inter-level travel time spent in this place.
 C = Inter-level travel time spent in this place.
 D = Time resting spent in this place.
 E = Time spent auto-exploring this place.
 F = Levels seen in this place.
 G = Mean time per level.
                   A        B        C        D        E       F      G
               +--------+--------+--------+--------+--------+-----+--------+
         Total |    484 |    475 |      9 |     84 |    146 |   1 |  484.0 |
       Dungeon |    484 |    475 |      9 |     84 |    146 |   1 |  484.0 |
               +--------+--------+--------+--------+--------+-----+--------+

Top non-repeatable levels by time:
       D: 484 daAuts
